 Dungeon Crawl Stone Soup version 0.28-a0-1182-g381e24db82 (webtiles) character file.

Game seed: 4081773275323434958

158 ChaosChampion the Insei (level 5, -3/33 HPs)
             Began as an Octopode Transmuter on Dec 17, 2021.
             Was an Initiate of Ru.
             Killed from afar by an orc wizard (9 damage)
             ... with a magic dart
             ... on level 3 of the Dungeon.
             The game lasted 00:03:33 (2652 turns).

ChaosChampion the Insei (Octopode Transmuter)       Turns: 2652, Time: 00:03:34

Health: -3/33      AC:  1    Str:  8 (9)  XL:     5   Next: 39%
Magic:  0/9        EV: 13    Int: 15 (17) God:    Ru [......]
Gold:   68         SH:  0    Dex: 11 (13) Spells: 3/9 levels left

rFire   . . .      SeeInvis .     - Unarmed
rCold   . . .      Faith    .   (no shield)
rNeg    . . .      Spirit   +   (helmet restricted)
rPois   .          Reflect  .   f - amulet of guardian spirit
rElec   .          Harm     .   (no ring)
rCorr   .          Rampage  .   (no ring)
Will    .....                   (no ring)
Stlth   ++........              (no ring)
HPRegen 0.11/turn               (no ring)
MPRegen 0.11/turn               (no ring)
                                (no ring)
                                (no ring)

@: confused, wereblooded, very slightly contaminated
A: almost no armour, amphibious, 8 rings, camouflage 1, gelatinous body 1,
(nimble swimmer 1), tentacles
a: Renounce Religion


You were on level 3 of the Dungeon.
You worshipped Ru.
Ru was noncommittal.
You visited 1 branch of the dungeon, and saw 3 of its levels.

You collected 68 gold pieces.

Inventory:

Armour
 e - a +0 buckler
Jewellery
 f - an amulet of guardian spirit (around mantle)
Scrolls
 b - 4 scrolls of identify {unknown}
 c - 2 scrolls of vulnerability {unknown}
 h - a scroll of holy word {unknown}
Potions
 d - a potion of resistance {unknown}
 g - a potion of invisibility {unknown}


   Skills:
 - Level 1.0 Fighting
 - Level 2.0 Dodging
 + Level 4.2 Unarmed Combat
 * Level 2.9 Spellcasting
 + Level 3.0 Transmutations
 * Level 2.4 Poison Magic


You had 3 spell levels left.
You knew the following spells:

 Your Spells              Type           Power      Damage    Failure   Level
a - Beastly Appendage     Tmut           22%        N/A       6%          1
b - Wereblood             Tmut           11%        N/A       9%          2
c - Spider Form           Tmut/Pois      10%        N/A       21%         3

Your spell library contained the following spells:

 Spells                   Type           Power      Damage    Failure   Level
 Ice Form                 Ice/Tmut       6%         N/A       71%         4


Dungeon Overview and Level Annotations

Branches:
Dungeon (3/15)

Altars:
Ru

Shops:
D:2 :

Annotations:
D:3 Grinder


Innate Abilities, Weirdness & Mutations

You cannot wear most types of armour.
You are amphibious.
You can wear up to eight rings at the same time.
Your skin changes colour to match your surroundings (Stealth+).
Your rubbery body absorbs attacks. (AC +1, EV +1)
((You are camouflaged near water. (Stealth+)))
You have tentacles for arms and can constrict up to eight enemies at once.


Message History

An orc opens the door.
The orc priest looks encouraged for a moment.
Something hits you. The hobgoblin barely misses you.
You're too confused to cast spells.
You barely miss the kobold. Something hits you.
The kobold hits you with a +0 dagger.
You completely miss the kobold.
You feel less confused. The kobold completely misses you.
The hobgoblin hits you.
Casting: Spider Form (quite dangerous; 17% risk of failure)
Confirm with . or Enter, or press ? or * to list all spells.
The spell is quite dangerous to miscast (17% risk of failure)!
Continue anyway?
You miscast Spider Form.
You are very lightly contaminated with residual magic.
Multicoloured lights dance before your eyes.
The orc shouts!
The kobold closely misses you. The hobgoblin closely misses you.
Casting: Spider Form (quite dangerous; 17% risk of failure)
Confirm with . or Enter, or press ? or * to list all spells.
Your blood is infused with primal strength.
The orc wizard gestures at you while chanting.
You are confused.
The kobold barely misses you. The hobgoblin misses you.
You're too confused to cast spells.
You tentacle-slap the hobgoblin but do no damage.
You hear some strange, mumbled words.
Something tries to affect you, but you resist.
The kobold hits you with a +0 dagger. The hobgoblin misses you.
The orc wizard hits you with a +0 dagger.
Okay, then.
You are too confused!
It was a potion of degeneration.
There was something very wrong with that liquid.
You feel weakened.
You feel dopey.
You feel clumsy.
The orc priest invokes the aid of Beogh against you.
Beogh smites you!
* * * LOW HITPOINT WARNING * * *
The orc wizard points at you and mumbles some strange words.
The magic dart hits you!
You die...

........# #.....#.#
........# #....##.#
........+ #.##.÷..#
........# #.#....##
........# ..+....#
...###### ####..).# ...#
#....# ...# #....# (..#
######..@o######..
...#####.....#.ooK........
.............'..g.........
####.........##.o..####.#.
#.........+.......#
#.........####...## ###
#.........####'#†### ... #
###....#####.......# ..#.
###.#### #.......# ##...


You could see an orc priest, an orc wizard, 2 orcs, a hobgoblin and a kobold.

Vanquished Creatures
  A scorpion (D:3)
  An iguana (D:3)
  3 adders
  A worm (D:3)
  2 ball pythons
  7 endoplasms
  2 giant cockroaches
  5 goblins
  7 hobgoblins
  2 jackals
  2 kobolds
  3 bats
  3 frilled lizards
  3 rats (D:1)
42 creatures vanquished.

Notes
Turn   | Place    | Note
-------+----------+-------------------------------------------
     0 | D:1      | ChaosChampion the Octopode Transmuter began the quest for
                  | the Orb.
     0 | D:1      | Reached XP level 1. HP: 13/13 MP: 3/3
   242 | D:1      | Reached XP level 2. HP: 14/18 MP: 3/5
  1330 | D:1      | Learned a level 2 spell: Wereblood
  1465 | D:2      | Reached XP level 3. HP: 20/23 MP: 4/6
  1522 | D:2      | Found a sacrificial altar of Ru.
  1664 | D:2      | Found Wiaramu's Book Emporium.
  1672 | D:2      | Noticed a great orb of eyes
  1675 | D:2      | Found a faded altar of an unknown god.
  1677 | D:2      | Noticed a floating eye
  1677 | D:2      | Noticed an eye of devastation
  1677 | D:2      | Noticed a great orb of eyes
  1714 | D:1      | Learned a level 3 spell: Spider Form
  1908 | D:2      | Reached skill level 4 in Unarmed Combat
  1908 | D:2      | Reached skill level 1 in Poison Magic
  2211 | D:2      | Became a worshipper of Ru the Awakened
  2248 | D:3      | Reached XP level 4. HP: 28/28 MP: 7/7
  2285 | D:3      | Noticed a scorpion
  2295 | D:3      | Killed a scorpion
  2296 | D:3      | Reached XP level 5. HP: 33/33 MP: 2/9
  2622 | D:3      | Noticed Grinder
  2652 | D:3      | Killed from afar by an orc wizard

Illustrated notes

Levels and vault maps discovered:
D:1:      onia_arrival_handbag, layout_basic, minmay_unequal
D:2:      minmay_evil_eye, layout_rooms, hellmonk_ecumenical_altar_watching_god,
          serial_shops, shop_fountains, basic_altar, minmay_diced_spiral
D:3:      layout_basic, minmay_starry_boxes, uniq_grinder

Skill      XL: |  1  2  3  4  5 |
---------------+----------------+-----
Unarmed Combat | 4 |  4.2
Poison Magic   | 1 2 |  2.4
Transmutations | 3 |  3.0
Fighting       | |  1.0
Dodging        | |  2.0
Spellcasting   | |  2.9

Action                   |  1- 3 |  4- 6 || total
-------------------------+-------+-------++-------
Melee: Unarmed           |    88 |    23 ||   111
       Constrict         |    15 |       ||    15
       Kick              |    16 |       ||    16
       Tentacles         |     7 |       ||     7
       Punch             |     2 |       ||     2
 Cast: Beastly Appendage |    23 |     1 ||    24
       Wereblood         |     3 |     3 ||     6
       Spider Form       |     2 |     3 ||     5
  Use: Potion            |       |     1 ||     1
 Stab: Sleeping          |     3 |       ||     3
Armor: Skin              |     4 |       ||     4
Dodge: Dodged            |    63 |    28 ||    91

Table legend: (Time is in decaauts)
 A = Elapsed time spent in this place.
 B = Non-inter-level travel time spent in this place.
 C = Inter-level travel time spent in this place.
 D = Time resting spent in this place.
 E = Time spent auto-exploring this place.
 F = Levels seen in this place.
 G = Mean time per level.
                   A        B        C        D        E       F      G
               +--------+--------+--------+--------+--------+-----+--------+
         Total |   2645 |   2610 |     35 |      8 |   2174 |   3 |  881.7 |
       Dungeon |   2645 |   2610 |     35 |      8 |   2174 |   3 |  881.7 |
               +--------+--------+--------+--------+--------+-----+--------+

Top non-repeatable levels by time:
     D:1: 1257 daAuts
     D:2: 968 daAuts
     D:3: 420 daAuts
